 Dungeon Crawl Stone Soup version 0.28.0-45-g0d030f2227 (webtiles) character file.

Game seed: 16377225914632945985

129 Renzlar the Shield-Bearer (level 5, -11/46 (47) HPs)
             Began as a Gnoll Fighter on Apr 23, 2022.
             Mangled by Crazy Yiuf
             ... wielding a +4 quarterstaff of chaos
              (16 damage)
             ... on level 2 of the Dungeon.
             The game lasted 00:05:47 (2670 turns).

Renzlar the Shield-Bearer (Gnoll Fighter)           Turns: 2670, Time: 00:05:48

HP:   -11/46 (47)   AC: 10    Str: 17    XL:     5   Next: 12%
MP:   7/7           EV:  9    Int:  7    God:
Gold: 27            SH:  5    Dex: 12    Spells: 6/6 levels left

rFire   . . .      SeeInvis .   a - +1 war axe
rCold   . . .      Faith    .   n - +0 buckler
rNeg    . . .      Spirit   .   b - +1 scale mail
rPois   .          Reflect  .   (no helmet)
rElec   .          Harm     .   j - scarf {shadows}
rCorr   .          Rampage  .   g - +0 pair of gloves
Will    .....                   (no boots)
Stlth   ..........              (no amulet)
HPRegen 0.15/turn               (no ring)
MPRegen 0.10/turn               (no ring)

@: lightly drained
A: fangs 1, strong nose, distributed training
a: no special abilities


You were on level 2 of the Dungeon.
You visited 1 branch of the dungeon, and saw 3 of its levels.

You collected 27 gold pieces.

Inventory:

Hand Weapons
 a - a +1 war axe (weapon)
 c - a +0 hunting sling of freezing
 f - a +2 dagger of venom
Missiles
 e - 109 stones (quivered)
Armour
 b - a +1 scale mail (worn)
 g - a +0 pair of gloves (worn)
 j - a scarf of shadows (worn)
 n - a +0 buckler (worn)
Scrolls
 l - 2 scrolls of teleportation
Potions
 d - a potion of might
 h - a potion of resistance {unknown}
 i - a potion of attraction {unknown}
 k - a potion of curing {unknown}
 m - a potion of mutation {unknown}


   Skills:
 + Level 6.6 Fighting
 + Level 1.3 Short Blades
 + Level 1.3 Long Blades
 + Level 4.7 Axes
 + Level 1.3 Maces & Flails
 + Level 1.3 Polearms
 + Level 1.3 Staves
 + Level 1.3 Slings
 + Level 1.3 Bows
 + Level 1.3 Crossbows
 + Level 1.3 Throwing
 + Level 6.6 Armour
 + Level 1.3 Dodging
 + Level 1.3 Stealth
 + Level 6.6 Shields
 + Level 1.3 Unarmed Combat
 + Level 1.3 Spellcasting
 + Level 1.1 Conjurations
 + Level 1.1 Hexes
 + Level 1.1 Summonings
 + Level 1.1 Necromancy
 + Level 1.1 Translocations
 + Level 1.1 Transmutations
 + Level 1.1 Fire Magic
 + Level 1.1 Ice Magic
 + Level 1.1 Air Magic
 + Level 1.1 Earth Magic
 + Level 1.1 Poison Magic
 + Level 1.5 Invocations
 + Level 1.3 Evocations


You had 6 spell levels left.
You didn't know any spells.
Your spell library contained the following spells:

 Spells                   Type           Power      Damage    Failure   Level
 Pain                     Necr           8%         1d4       69%         1
 Slow                     Hex            8%         N/A       69%         1
 Confusing Touch          Hex            2%         N/A       96%         3
 Vampiric Draining        Necr           2%         2d6       96%         3
 Agony                    Necr           2%         N/A       100%        5
 Excruciating Wounds      Necr           1%         N/A       100%        5


Dungeon Overview and Level Annotations

Branches:
Dungeon (3/15)

Altars:

Annotations:
D:2 Crazy Yiuf


Innate Abilities, Weirdness & Mutations

You have very sharp teeth.
Your uncanny sense of smell can sniff out nearby items.
Your experience applies equally to all skills.


Message History

Crazy Yiuf shouts!
Press: ? - help, v - describe, . - travel
Here: Crazy Yiuf, wielding a +4 quarterstaff of chaos and wearing a +0 cloak (fire blocked by a runed translucent door)
The floor.
Unknown command.
You open the door. You hit Crazy Yiuf.
Crazy Yiuf is lightly wounded.
Crazy Yiuf hits you with a +4 quarterstaff of chaos.
Crazy Yiuf draws strength from your wounds!
You hit Crazy Yiuf but do no damage.
Crazy Yiuf is lightly wounded.
Crazy Yiuf grits, "Fire meccalolo toodlewoodle!"
Crazy Yiuf hits you with a +4 quarterstaff of chaos!
Crazy Yiuf burns you. Crazy Yiuf hits you but does no damage.
You feel drained.
Unknown command.
You hit Crazy Yiuf.
Crazy Yiuf is moderately wounded.
Crazy Yiuf says, "Leather sizzlefizz dark!"
You block Crazy Yiuf's attack.
You closely miss Crazy Yiuf.
Crazy Yiuf is moderately wounded.
Crazy Yiuf barely misses you.
You hit Crazy Yiuf but do no damage. Your bite misses Crazy Yiuf.
Crazy Yiuf is moderately wounded.
You block Crazy Yiuf's attack. x2
You hit Crazy Yiuf but do no damage. Your bite misses Crazy Yiuf.
Crazy Yiuf is moderately wounded.
Crazy Yiuf whimpers, "Paint mumblescurry song!"
Crazy Yiuf hits you with a +4 quarterstaff of chaos!
You are electrocuted!
* * * LOW HITPOINT WARNING * * *
Unknown command.
You slash Crazy Yiuf!
Crazy Yiuf is severely wounded.
Crazy Yiuf hits you but does no damage.
You hit Crazy Yiuf. Your bite misses Crazy Yiuf.
Crazy Yiuf is almost dead.
Crazy Yiuf hits you with a +4 quarterstaff of chaos!
You die...

..# #####
#....#
#....# ..#
#######
#....#
#....# ..#
#.....#
##...#
#....# ..#
#.....#
#...# #....#
### #.....#
##.## ###.##
######.....#
##.# #..#
......)....#
#.## #...
...........#
##.# ##..
...........#
#@## #..
...........#
#g# ##.
######.....#
... #.
#######
#...# ##
#)..# #
##### # #


You could see Crazy Yiuf.

Vanquished Creatures
  An orc priest (D:2)
  Jessica (D:2)
  An orc wizard (D:2)
  An adder (D:3)
  3 worms (D:2)
  A dart slug (D:1)
  4 orcs
  2 bats
  2 endoplasms
  2 giant cockroaches
  2 goblins (D:2)
  3 hobgoblins (D:2)
  A quokka (D:1)
  2 ball pythons (D:1)
  A frilled lizard (D:1)
  3 rats
30 creatures vanquished.

Vanquished Creatures (others)
  5 fungi (D:2)
5 creatures vanquished.

Grand Total: 35 creatures vanquished

Notes
Turn   | Place    | Note
-------+----------+-------------------------------------------
     0 | D:1      | Renzlar the Gnoll Fighter began the quest for the Orb.
     0 | D:1      | Reached XP level 1. HP: 23/23 MP: 1/1
   212 | D:1      | Reached XP level 2. HP: 24/29 MP: 2/2
   686 | D:1      | Found a faded altar of an unknown god.
  1186 | D:3      | Reached XP level 3. HP: 12/35 MP: 3/3
  1523 | D:2      | Reached skill level 1 in Short Blades
  1523 | D:2      | Reached skill level 1 in Long Blades
  1523 | D:2      | Reached skill level 1 in Maces & Flails
  1523 | D:2      | Reached skill level 1 in Polearms
  1523 | D:2      | Reached skill level 1 in Staves
  1523 | D:2      | Reached skill level 1 in Slings
  1523 | D:2      | Reached skill level 1 in Bows
  1523 | D:2      | Reached skill level 1 in Crossbows
  1523 | D:2      | Reached skill level 1 in Throwing
  1523 | D:2      | Reached skill level 1 in Dodging
  1523 | D:2      | Reached skill level 1 in Stealth
  1523 | D:2      | Reached skill level 1 in Unarmed Combat
  1523 | D:2      | Reached skill level 1 in Spellcasting
  1523 | D:2      | Reached skill level 1 in Invocations
  1523 | D:2      | Reached skill level 1 in Evocations
  1523 | D:2      | Reached XP level 4. HP: 27/41 MP: 3/5
  1791 | D:2      | Reached skill level 1 in Conjurations
  1791 | D:2      | Reached skill level 1 in Hexes
  1791 | D:2      | Reached skill level 1 in Summonings
  1791 | D:2      | Reached skill level 1 in Necromancy
  1791 | D:2      | Reached skill level 1 in Translocations
  1791 | D:2      | Reached skill level 1 in Transmutations
  1791 | D:2      | Reached skill level 1 in Fire Magic
  1791 | D:2      | Reached skill level 1 in Ice Magic
  1791 | D:2      | Reached skill level 1 in Air Magic
  1791 | D:2      | Reached skill level 1 in Earth Magic
  1791 | D:2      | Reached skill level 1 in Poison Magic
  2255 | D:2      | Identified the +0 leather armour "Zaqosacw" {rElec Dex+5
                  | Stlth-}
  2529 | D:2      | Noticed Jessica
  2531 | D:2      | Killed Jessica
  2532 | D:2      | Reached XP level 5. HP: 47/47 MP: 5/7
  2658 | D:2      | Found a runed translucent door.
  2659 | D:2      | Noticed Crazy Yiuf
  2670 | D:2      | Mangled by Crazy Yiuf

Illustrated notes

Levels and vault maps discovered:
D:1:      lemuel_arrival_lava_pool, layout_basic,
          shapermc_ecumenical_altar_mp_vishouse
D:2:      layout_basic, minmay_unequal, uniq_jessica, uniq_crazy_yiuf_cottage
D:3:      layout_basic, serial_co_window_serial, co_window_paths_b,
          co_window_paths_a, co_window_corner_a, co_window_paths_a,
          co_window_corner_a, co_window_unsneaky_path_e, co_window_corner_b,
          co_window_of_opportunity_b, co_window_4corner_a, co_window_4corner_b,
          glass_columns_a

Skill      XL: |  1  2  3  4 |
---------------+-------------+-----
Short Blades   | 1 |  1.3
Long Blades    | 1 |  1.3
Maces & Flails | 1 |  1.3
Polearms       | 1 |  1.3
Staves         | 1 |  1.3
Slings         | 1 |  1.3
Bows           | 1 |  1.3
Crossbows      | 1 |  1.3
Throwing       | 1 |  1.3
Dodging        | 1 |  1.3
Stealth        | 1 |  1.3
Unarmed Combat | 1 |  1.3
Spellcasting   | 1 |  1.3
Invocations    | 1 |  1.5
Evocations     | 1 |  1.3
Conjurations   | 1 |  1.1
Hexes          | 1 |  1.1
Summonings     | 1 |  1.1
Necromancy     | 1 |  1.1
Translocations | 1 |  1.1
Transmutations | 1 |  1.1
Fire Magic     | 1 |  1.1
Ice Magic      | 1 |  1.1
Air Magic      | 1 |  1.1
Earth Magic    | 1 |  1.1
Poison Magic   | 1 |  1.1
Fighting       | |  6.6
Axes           | |  4.7
Armour         | |  6.6
Shields        | |  6.6

Action                   |  1- 3 |  4- 6 || total
-------------------------+-------+-------++-------
Melee: War axe           |    47 |    62 ||   109
       Bite              |     3 |     6 ||     9
 Fire: Hunting sling     |       |     2 ||     2
Throw: Stone             |     6 |     5 ||    11
  Use: Scroll            |     2 |     4 ||     6
Armor: Scale mail        |    19 |    24 ||    43
Dodge: Dodged            |    18 |    17 ||    35
Block: Buckler           |    18 |    14 ||    32
